 Dungeon Crawl Stone Soup version bcrawl-1.41.1 (webtiles) character file.

Game seed: 5448768682376862281

156979 Grimmash the Sneak (level 4, -1/57 HPs)
             Began as a Naga Archaeologist on Apr 20, 2024.
             Killed from afar by an orc wizard (2 damage)
             ... with a magic dart
             ... on level 3 of the Dungeon.
             The game lasted 00:02:32 (1565 turns).

Grimmash the Sneak (Naga Archaeologist)             Turns: 1565, Time: 00:02:34

Health: -1/57      AC:  4    Str: 16 (19) XL:     4   Next: 74%
Magic:  5/5        EV: 10    Int: 16 (19) God:
Gold:   72         SH:  0    Dex:  8 (9)  Spells: 5/5 levels left

rFire    . . .     GDR:     21% a - +0 dagger (venom)
rCold    . . .     SeeInvis +   (no shield)
rNeg     . . .     Gourm    .   c - +1 robe
rPois    +         Faith    .   d - +1 hat
rElec    .         Spirit   .   (no cloak)
rCorr    .         Reflect  .   (no gloves)
MR       .....                  (no barding)
Stlth    ..........             (no amulet)
HPRegen  0.19/turn              k - +4 ring of intelligence
MPRegen  0.09/turn              (no ring)

@: berserking, swift, flying, very quick
A: large, tail, swims, see invisible, deformed body, poison resistance, slowness
2, slow metabolism 1, spit poison 1, AC +1
a: Spit Poison


You were on level 3 of the Dungeon.
You were hungry.

You visited 1 branch of the dungeon, and saw 3 of its levels.

You collected 72 gold pieces.

Inventory:

Hand Weapons
 a - a +0 dagger of venom (weapon)
 b - a +0 blowgun
 r - a +0 whip
Missiles
 f - 6 curare-tipped needles
 j - 118 javelins of penetration {=f}
 p - 107 javelins (quivered)
 v - 101 steel javelins
Armour
 c - a +1 robe (worn)
 d - a +1 hat (worn)
 m - a +1 robe
Jewellery
 k - a +4 ring of intelligence (left hand)
 t - the ring of Duim Moemea {Ice Str+2}
   (You found it on level 2 of the Dungeon)

   [ring of ice]

   It enhances your ice magic.
   It affects your strength (+2).
   It makes you vulnerable to fire.
   It protects you from cold.
Wands
 u - a wand of disintegration (14)
Scrolls
 g - 2 scrolls of revelation
 i - a scroll of fear {unknown}
 n - 2 scrolls of amnesia {unknown}
Miscellaneous
 h - a dusty tome
Comestibles
 e - 6 rations {!d}
 o - a chunk of flesh


   Skills:
 * Level 1.4 Fighting
 * Level 2.2 Maces & Flails
 + Level 0.2 Throwing
 * Level 1.0 Armour
 * Level 3.0 Dodging
 + Level 5.3 Stealth
 * Level 1.1 Spellcasting


You had 5 spell levels left.
You didn't know any spells.
Your spell library was empty.

Dungeon Overview and Level Annotations

Branches:
Dungeon (3/12)

Altars:


Innate Abilities, Weirdness & Mutations

You cannot wear boots.
You can swim through water.
Your serpentine skin is tough. (AC +1)
You have supernaturally acute eyesight. (SInv)
Armour fits poorly on your strangely shaped body.
Your system is resistant to poisons. (rPois)
You cover ground very slowly.
You have a slow metabolism.
You can spit poison.


Message History

No path to travel!
You hit the orc but do no damage.
The orc is poisoned.
The orc misses you.
You hit the orc but do no damage.
The orc looks more poisoned.
The orc hits you with a +0 flail.
* * * LOW HITPOINT WARNING * * *
You hit the orc but do no damage. You hit the orc.
The orc looks more poisoned.
The orc is almost dead.
You kill the orc!
You closely miss the orc.
No path to travel!
You puncture the orc!
The orc is poisoned.
The orc is almost dead.
The orc hits you.
* * * LOW HITPOINT WARNING * * *
You puncture the orc!
You kill the orc!
The orc wizard casts a spell at you. The magic dart hits you.
You die...

### ... . ..# ..# #.#
... ##.### ... .. $...
..# #..##.#####.## ..# #
.......@)o...# ..# .#
..###.#####.$####..##.##
.. #.............. ...
#...#.#....#.## ...
#.............. ..
#.....#....#.#[ .
#.....#..#.#
#....oo......#
#.....?l##.#.#


You could see an orc wizard.

Vanquished Creatures
  A hound (D:2)
  An adder (D:2)
  3 dart slugs
  2 leopard geckos
  5 orcs (D:3)
  5 bats
  2 giant cockroaches (D:2)
  5 goblins (D:2)
  8 hobgoblins
  6 jackals
  5 kobolds
  A ball python (D:1)
  A frilled lizard (D:2)
  2 rats
47 creatures vanquished.

Notes
Turn   | Place    | Note
-------+----------+-------------------------------------------
     0 | D:1      | Grimmash the Naga Archaeologist began the quest for the
                  | Orb.
     0 | D:1      | Reached XP level 1. HP: 18/18 MP: 1/1
    36 | D:1      | Reached skill level 5 in Stealth
   242 | D:1      | Reached XP level 2. HP: 22/25 MP: 2/2
   634 | D:1      | Reached XP level 3. HP: 19/31 MP: 3/3
  1127 | D:2      | Reached XP level 4. HP: 37/38 MP: 4/4
  1252 | D:2      | Got a smoking brass ring
  1253 | D:2      | Identified the ring of Duim Moemea {Ice Str+2} (You found
                  | it on level 2 of the Dungeon)
  1434 | D:2      | Reached skill level 1 in Spellcasting
  1538 | D:3      | Reached skill level 1 in Armour
  1564 | D:3      | HP: 1/57 [orc (3)]
  1565 | D:3      | Killed from afar by an orc wizard

Skill      XL: |  1  2  3  4 |
---------------+-------------+-----
Stealth        | 5 |  5.3
Maces & Flails | 2 |  2.2
Dodging        | 3 |  3.0
Spellcasting   | 1 |  1.1
Armour         | 1 |  1.0
Fighting       | |  1.4
Throwing       | |  0.2

Action                   |  1- 3 |  4- 6 || total
-------------------------+-------+-------++-------
Melee: Whip              |   102 |     2 ||   104
       Dagger            |       |    67 ||    67
Throw: Javelin           |     5 |     6 ||    11
 Abil: Spit Poison       |     3 |       ||     3
  Use: Potion            |     1 |     3 ||     4
       Scroll            |       |     4 ||     4
 Stab: Sleeping          |     3 |     4 ||     7
       Invisible         |     1 |       ||     1
  Eat: Ration            |     1 |       ||     1
       Chunk             |       |     2 ||     2
Armor: Robe              |    53 |    32 ||    85
Dodge: Dodged            |    66 |    42 ||   108
